 Dungeon Crawl Stone Soup version 0.22-a0-433-gd2a9cce (webtiles) character file.

70 DrEnzyme the Magician (level 4, -5/32 HPs)
             Began as a Gnoll Wanderer on May 27, 2018.
             Was an Initiate of the Shining One.
             Slain by Natasha (8 damage)
             ... on level 2 of the Dungeon.
             The game lasted 00:05:23 (1893 turns).

DrEnzyme the Magician (Gnoll Wanderer)              Turns: 1893, Time: 00:05:23

Health: -5/32      AC:  2    Str: 14    XL:     4   Next: 22%
Magic:  8/13       EV: 12    Int: 16    God:    the Shining One [......]
Gold:   102        SH:  0    Dex: 16    Spells: 16/17 levels left

rFire    . . .     SeeInvis .   g - +0 dagger
rCold    . . .     Gourm    .   (no shield)
rNeg     . . .     Faith    .   d - +0 robe
rPois    .         Spirit   .   (no helmet)
rElec    .         Reflect  .   (no cloak)
rCorr    .         Harm     .   (no gloves)
MR       .....                  (no boots)
Stlth    +.........             (no amulet)
HPRegen  0.10/turn              (no ring)
MPRegen  0.13/turn              (no ring)

@: very slightly contaminated, glowing
A: distributed training, fangs 1, clever 1, screaming 1, strong nose
a: Renounce Religion


You were on level 2 of the Dungeon.
You worshipped the Shining One.
The Shining One was noncommittal.
You were not hungry.

You visited 1 branch of the dungeon, and saw 2 of its levels.

You collected 102 gold pieces.

Inventory:

Hand Weapons
 e - a +0 club
 g - a +0 dagger (weapon)
Missiles
 h - 53 stones (quivered)
Armour
 d - a +0 robe (worn)
Jewellery
 j - an uncursed ring of magical power {unknown}
 k - an uncursed ring of magical power {unknown}
Scrolls
 a - a scroll of identify {unknown}
 b - a scroll of teleportation {unknown}
 i - a scroll of amnesia
 l - a scroll of noise {unknown}
Comestibles
 c - 8 chunks of flesh
 f - 2 rations


   Skills:
 + Level 1.0 Fighting
 + Level 1.0 Short Blades
 + Level 1.0 Long Blades
 + Level 1.0 Axes
 + Level 1.0 Maces & Flails
 + Level 1.0 Polearms
 + Level 1.0 Staves
 + Level 1.0 Slings
 + Level 1.0 Bows
 + Level 1.0 Crossbows
 + Level 2.7 Throwing
 + Level 1.0 Armour
 + Level 1.0 Dodging
 + Level 1.0 Stealth
 + Level 1.0 Shields
 + Level 1.0 Unarmed Combat
 + Level 7.2 Spellcasting
 + Level 7.1 Conjurations
 + Level 0.8 Hexes
 + Level 0.8 Charms
 + Level 0.8 Summonings
 + Level 0.8 Necromancy
 + Level 0.8 Translocations
 + Level 0.8 Transmutations
 + Level 0.8 Fire Magic
 + Level 0.8 Ice Magic
 + Level 0.8 Air Magic
 + Level 2.2 Earth Magic
 + Level 0.8 Poison Magic
 + Level 1.1 Invocations
 + Level 2.7 Evocations


You had 16 spell levels left.
You knew the following spells:

 Your Spells              Type           Power        Failure   Level  Hunger
b - Sandblast             Erth           ##....       4%          1    None

Your spell library contained the following spells:

 Spells                   Type           Power        Failure   Level  Hunger
 Conjure Flame            Conj/Fire      ###.....     7%          3    ##.....
 Summon Small Mammal      Summ           #...         9%          1    None
 Stone Arrow              Conj/Erth      ###...       5%          3    ##.....
 Recall                   Summ/Tloc      N/A          26%         3    ##.....
 Flame Tongue             Conj/Fire      ###..        2%          1    None
 Passwall                 Tmut/Erth      ##......     10%         2    None
 Lee's Rapid Deconstruct  Erth           ##........   80%         5    #####..
 Petrify                  Tmut/Erth      ##......     54%         4    ####...


Dungeon Overview and Level Annotations

Branches:
Dungeon (2/15)

Altars:
The Shining One

Annotations:
D:2 exclusion: adder, Natasha


Innate Abilities, Weirdness & Mutations

Your experience applies equally to all skills.
You have very sharp teeth.
Your uncanny sense of smell can sniff out nearby items.
Your mind is acute. (Int +2)
You occasionally shout uncontrollably at your foes.


Message History

Natasha mumbles some strange words.
Casting: Sandblast (safe; 5% risk of failure)
Confirm with . or Enter, or press ? or * to list all spells.
Aiming: Sandblast (safe; 5% risk of failure)
Press: ? - help, Shift-Dir - straight line, f/p - Natasha
Aim: Natasha (lightly wounded)
The blast of sand hits Natasha.
Natasha is lightly wounded.
h - 53 stones Natasha claws you!
* * * LOW HITPOINT WARNING * * *
Unknown command.
It was a potion of mutation.
You feel extremely strange.
You feel resistant to poisons.
You feel less resistant to poisons.
You feel the urge to shout.
You feel clever. Natasha closely misses you.
As you read the scroll labeled JIPAIK PIX, it crumbles to dust.
It is a scroll of amnesia.
Your memory of Flame Tongue unravels.
Natasha claws you!
You die...

....####.# #.........##..#
....####.###.........##..#
...........###############
....######.......#..
..<......#######.#.#
....####.# #...#.#.#
.........# #.#...#.#
########## #.#####.#∆
#....@h5# #########


You could see Natasha and a crimson imp.

Vanquished Creatures
  4 adders (D:2)
  A dart slug (D:2)
  2 ball pythons
  6 goblins (D:1)
  5 hobgoblins
  5 kobolds
  A quokka (D:2)
  2 bats (D:2)
  A frilled lizard (D:1)
  4 rats
31 creatures vanquished.

Notes
Turn   | Place    | Note
-------+----------+-------------------------------------------
     0 | D:1      | DrEnzyme the Gnoll Wanderer began the quest for the Orb.
     0 | D:1      | DrEnzyme set off with: a +0 robe, a +0 club, a ration
     0 | D:1      | Reached XP level 1. HP: 13/13 MP: 8/8
     2 | D:1      | Learned a level 1 spell: Flame Tongue
     4 | D:1      | Learned a level 1 spell: Sandblast
   345 | D:1      | Reached XP level 2. HP: 18/19 MP: 6/10
  1277 | D:2      | Reached XP level 3. HP: 25/25 MP: 8/11
  1745 | D:2      | Reached skill level 1 in Invocations
  1753 | D:2      | Found a glowing golden altar of the Shining One.
  1757 | D:2      | Became a worshipper of the Shining One
  1786 | D:2      | Reached skill level 1 in Fighting
  1786 | D:2      | Reached skill level 1 in Short Blades
  1786 | D:2      | Reached skill level 1 in Long Blades
  1786 | D:2      | Reached skill level 1 in Axes
  1786 | D:2      | Reached skill level 1 in Maces & Flails
  1786 | D:2      | Reached skill level 1 in Polearms
  1786 | D:2      | Reached skill level 1 in Staves
  1786 | D:2      | Reached skill level 1 in Slings
  1786 | D:2      | Reached skill level 1 in Bows
  1786 | D:2      | Reached skill level 1 in Crossbows
  1786 | D:2      | Reached skill level 1 in Armour
  1786 | D:2      | Reached skill level 1 in Dodging
  1786 | D:2      | Reached skill level 1 in Stealth
  1786 | D:2      | Reached skill level 1 in Shields
  1786 | D:2      | Reached skill level 1 in Unarmed Combat
  1786 | D:2      | Reached XP level 4. HP: 31/32 MP: 8/13
  1881 | D:2      | Noticed Natasha
  1892 | D:2      | Gained mutation: Your system is resistant to poisons. (rPois) [potion of mutation]
  1892 | D:2      | Lost mutation: Your system is resistant to poisons. (rPois) [potion of mutation]
  1892 | D:2      | Gained mutation: You occasionally shout uncontrollably at your foes. [potion of mutation]
  1892 | D:2      | Gained mutation: Your mind is acute. (Int +2) [potion of mutation]
  1893 | D:2      | Slain by Natasha

Vault maps used:
D:1:      dpeg_arrival_boxorama
D:2:      marbit_many_paths, patterned_corridor, uniq_natasha

Skill      XL: |  1  2  3 |
---------------+----------+-----
Earth Magic    | 2 |  2.2
Invocations    | 1 |  1.1
Fighting       | 1 |  1.0
Short Blades   | 1 |  1.0
Long Blades    | 1 |  1.0
Axes           | 1 |  1.0
Maces & Flails | 1 |  1.0
Polearms       | 1 |  1.0
Staves         | 1 |  1.0
Slings         | 1 |  1.0
Bows           | 1 |  1.0
Crossbows      | 1 |  1.0
Armour         | 1 |  1.0
Dodging        | 1 |  1.0
Stealth        | 1 |  1.0
Shields        | 1 |  1.0
Unarmed Combat | 1 |  1.0
Throwing       | |  2.7
Spellcasting   | |  7.2
Conjurations   | |  7.1
Hexes          | |  0.8
Charms         | |  0.8
Summonings     | |  0.8
Necromancy     | |  0.8
Translocations | |  0.8
Transmutations | |  0.8
Fire Magic     | |  0.8
Ice Magic      | |  0.8
Air Magic      | |  0.8
Poison Magic   | |  0.8
Evocations     | |  2.7

Action                   |  1- 3 |  4- 6 || total
-------------------------+-------+-------++-------
Melee: Club              |    17 |       ||    17
       Bite              |     3 |       ||     3
       Dagger            |     8 |       ||     8
 Cast: Flame Tongue      |    35 |     9 ||    44
       Sandblast         |     5 |     4 ||     9
  Use: Scroll            |       |     1 ||     1
       Potion            |       |     1 ||     1
 Stab: Sleeping          |     2 |       ||     2
  Eat: Chunk             |     3 |       ||     3
Armor: Robe              |     6 |     2 ||     8
Dodge: Dodged            |    27 |     7 ||    34

Table legend:
 A = Spawn XP
 B = Non-spawn XP
 C = Spawn XP percentage of total XP
 D = Spawn monster count
 E = Non-spawn monster count
 F = Spawn count percentage of total count
 G = Total turns spent on level
                    A         B        C        D         E        F      G
               +---------+---------+-------+---------+---------+-------+---------
         Total |       0 |     101 |   0.0 |       0 |      31 |   0.0 |  1893
               +---------+---------+-------+---------+---------+-------+---------
           D:1 |       0 |      30 |   0.0 |       0 |      18 |   0.0 |  1226
           D:2 |       0 |      71 |   0.0 |       0 |      13 |   0.0 |   667
               +---------+---------+-------+---------+---------+-------+---------
